 Dungeon Crawl Stone Soup version 0.28.0-53-g5a82cb258f (webtiles) character file.

Game seed: 5698924166739249198

6034 Peloso the Carver (level 10, -15/100 HPs)
             Began as a Minotaur Fighter on July 21, 2022.
             Was an Initiate of Okawaru.
             Demolished by a guardian mummy (22 damage)
             ... on level 10 of the Dungeon.
             The game lasted 00:21:18 (12347 turns).

Peloso the Carver (Minotaur Fighter)               Turns: 12347, Time: 00:21:18

Health: -15/100    AC: 17    Str: 29    XL:     10   Next: 56%
Magic:  9/9        EV:  9    Int:  5    God:    Okawaru [......]
Gold:   465        SH:  5    Dex: 12    Spells: 9/9 levels left

rFire   . . .      SeeInvis .   a - +1 falchion (vorpal)
rCold   + . .      Faith    .   c - +0 buckler
rNeg    . . .      Spirit   .   G - +1 plate armour {rC+}
rPois   +          Reflect  .   (helmet restricted)
rElec   .          Harm     .   k - +0 cloak
rCorr   .          Rampage  .   (no gloves)
Will    +....                   (no boots)
Stlth   ..........              (no amulet)
HPRegen 0.26/turn               i - ring of willpower
MPRegen 0.11/turn               A - +6 ring of strength

@: no status effects
A: horns 2, retaliatory headbutt, poison resistance, robust 1
a: Renounce Religion


You were on level 10 of the Dungeon.
You worshipped Okawaru.
Okawaru was noncommittal.
You visited 2 branches of the dungeon, and saw 11 of its levels.
You also visited: Ossuary.

You collected 554 gold pieces.
You spent 89 gold pieces at shops.

Inventory:

Hand Weapons
 a - a +1 vorpal falchion (weapon)
 b - a +0 long sword
Missiles
 J - 2 throwing nets (quivered)
Armour
 c - a +0 buckler (worn)
 k - a +0 cloak (worn)
 G - a +1 plate armour of cold resistance (worn)
Jewellery
 i - a ring of willpower (left hand)
 n - a ring of flight
 u - a +6 ring of strength
 A - a +6 ring of strength (right hand)
Wands
 q - a wand of paralysis (3)
 w - a wand of flame (19)
 x - a wand of acid (17)
 y - a wand of mindburst (12)
 E - a wand of polymorph (9)
Scrolls
 g - a scroll of identify
 h - 3 scrolls of enchant armour
 l - 4 scrolls of silence
 o - 2 scrolls of teleportation
 p - 2 scrolls of fog
 r - 5 scrolls of magic mapping
 v - 2 scrolls of holy word
 z - a scroll of immolation
 F - 3 scrolls of enchant weapon
 H - 3 scrolls of noise
 K - a scroll of summoning
Potions
 d - 4 potions of might
 e - a potion of resistance
 f - 2 potions of magic
 j - a potion of brilliance
 m - 5 potions of curing
 s - 2 potions of haste
 t - a potion of flight
 B - a potion of cancellation
 C - a potion of invisibility
 I - 2 potions of mutation


   Skills:
 + Level 9.3 Fighting
 + Level 11.2 Long Blades
 + Level 10.5 Armour
 + Level 3.6 Dodging
 + Level 2.1 Stealth
 + Level 7.5 Shields
 + Level 1.2 Evocations


You had 9 spell levels left.
You didn't know any spells.
Your spell library contained the following spells:

 Spells                   Type           Power      Damage    Failure   Level
 Apportation              Tloc           0%         N/A       99%         1
 Foxfire                  Conj/Fire      0%         2x1d4     99%         1
 Sting                    Tmut/Pois      0%         1d3       99%         1
 Blink                    Tloc           0%         N/A       100%        2
 Corpse Rot               Necr/Air       0%         N/A       100%        2
 Poisonous Vapours        Pois/Air       0%         N/A       100%        2
 Sublimation of Blood     Necr           0%         N/A       100%        2
 Conjure Flame            Conj/Fire      0%         6-21      100%        3
 Inner Flame              Hex/Fire       0%         N/A       100%        3
 Lesser Beckoning         Tloc           0%         N/A       100%        3
 Portal Projectile        Hex/Tloc       0%         N/A       100%        3
 Flame Wave               Conj/Fire      0%         2d4       100%        4
 Leda's Liquefaction      Hex/Erth       0%         N/A       100%        4
 Olgreb's Toxic Radiance  Pois           0%         N/A       100%        4
 Petrify                  Tmut/Erth      0%         N/A       100%        4
 Alistair's Intoxication  Tmut/Pois      0%         N/A       100%        5
 Blade Hands              Tmut           0%         N/A       100%        5
 Excruciating Wounds      Necr           0%         N/A       100%        5
 Irradiate                Conj/Tmut      0%         3d14      100%        5
 Lee's Rapid Deconstruct  Erth           0%         3d5*      100%        5
 Manifold Assault         Tloc           0%         N/A       100%        5
 Statue Form              Tmut/Erth      0%         N/A       100%        6


Dungeon Overview and Level Annotations

Branches:
Dungeon (10/15)            Temple (1/1) D:6            Lair (0/6) D:8
    Orc (0/2) D:9         Ossuary (visited)

Altars:
Cheibriados
Elyvilon
Gozag
Hepliaklqana
Kikubaaqudgha
Makhleb
Okawaru
Qazlal
Ru
Trog
Yredelemnul
Zin
The Shining One

Shops:
D:2 ?![*   D:5 (

Portals:
Trove: D:10 (show abyssal rune of Zot)

Annotations:
D:3 2 transporters, glosham's ghost, amateur DjCA
D:4 3 runed translucent doors, H0rd4k's ghost, weakling HuAr


Innate Abilities, Weirdness & Mutations

You have a pair of horns on your head.
You reflexively headbutt those who attack you in melee.
Your system is resistant to poisons. (rPois)
You are robust. (+10% HP)


Message History

You closely miss the polar bear.
The polar bear is heavily wounded.
The rime drake completely misses you.
The ice dragon bites you but does no damage.
The ice dragon claws you but does no damage.
The ice dragon closely misses you. The polar bear bites you.
You block the polar bear's attack. The polar bear barely misses you.
As you read the scroll of teleportation, it crumbles to dust.
You feel strangely unstable. The rime drake bites you.
The ice dragon breathes frost at you. The blast of cold hits you!! You resist.
You block the polar bear's attack. The polar bear barely misses you.
The polar bear claws you but does no damage.
The ice dragon breathes frost at you. The blast of cold hits you! You resist.
The blast of cold hits you! You resist.
* * * LOW HITPOINT WARNING * * *
The rime drake breathes ice at you. The flash freeze hits you!
You partially resist.
* * * LOW HITPOINT WARNING * * *
You are encased in ice.
Your surroundings suddenly seem different.
As you read the scroll of teleportation, it crumbles to dust.
You feel strangely unstable. The ice encasing you melts away.
The polar bear bites you but does no damage.
You block the polar bear's attack. The polar bear closely misses you.
Your surroundings suddenly seem different.
A guardian mummy comes into view.
Found a book of Rime and 78 gold pieces.
Found a portal to a secret trove of treasure.
You feel better.
You hit the guardian mummy.
The guardian mummy is lightly damaged.
The guardian mummy hits you!!
* * * LOW HITPOINT WARNING * * *
You hit the guardian mummy but do no damage.
You headbutt the guardian mummy.
The guardian mummy is lightly damaged.
The guardian mummy hits you!!
You die...

#####
##.∩.##
##.....##
#$.8.8.$#
#$..M..$#
#
#:.8@8.$#
##.....##
##...##
##+## # #


You could see a guardian mummy.

Vanquished Creatures
  A troll (D:10)
  A shadow (D:10)
  A centaur simulacrum (D:10)
  5 yaks
  A steam dragon (D:8)
  Menkaure (D:5)
  3 wargs
  3 water moccasins
  A black bear (D:4)
  2 necrophages
  2 orc warriors (D:10)
  3 ogres
  3 centaurs
  3 phantoms
  A kobold brigand (D:8)
  2 bullfrogs (D:6)
  2 gnoll sergeants (D:6)
  5 scorpions
  A wyvern zombie (D:8)
  6 killer bees
  8 wights
  A howler monkey (D:8)
  6 centaur zombies
  A bullfrog zombie (D:7)
  A hound (D:5)
  A jelly (D:6)
  Crazy Yiuf (D:6)
  6 orc priests
  2 centaur skeletons
  2 gnoll shamans
  2 bullfrog skeletons (D:7)
  Jessica (D:2)
  7 orc wizards
  2 ogre zombies (Ossuary)
  A hound skeleton (D:4)
  7 mummies (Ossuary)
  2 howler monkey zombies
  Robin (D:2)
  16 gnolls
  2 howler monkey skeletons
  9 adders
  A shadow imp (D:7)
  A white imp (D:5)
  4 adder zombies (Ossuary)
  2 worms
  2 dart slugs (D:1)
  26 orcs
  8 endoplasms
  5 giant cockroaches
  15 goblins
  8 hobgoblins
  10 jackals
  2 quokkas
  2 ball pythons
  2 bats (D:1)
  3 frilled lizards (D:2)
  3 goblin zombies (Ossuary)
  4 hobgoblin zombies (Ossuary)
  16 kobolds
  4 kobold zombies (Ossuary)
  5 quokka zombies (Ossuary)
  2 rats
  5 rat zombies (Ossuary)
256 creatures vanquished.

Vanquished Creatures (others)
  7 plants
7 creatures vanquished.

Grand Total: 263 creatures vanquished

Notes
Turn   | Place    | Note
-------+----------+-------------------------------------------
     0 | D:1      | Peloso the Minotaur Fighter began the quest for the Orb.
     0 | D:1      | Reached XP level 1. HP: 19/19 MP: 0/0
   142 | D:1      | Reached XP level 2. HP: 27/27 MP: 1/1
   777 | D:1      | Gained mutation: Your system is resistant to poisons.
                  | (rPois) [potion of mutation]
   777 | D:1      | Gained mutation: You are robust. (+10% HP) [potion of
                  | mutation]
   890 | D:2      | Reached XP level 3. HP: 19/36 MP: 2/2
   900 | D:2      | HP: 1/36 [orc wizard/magic dart (8)]
   902 | D:2      | Reached skill level 3 in Long Blades
  1264 | D:2      | Reached XP level 4. HP: 24/45 MP: 3/3
  1503 | D:2      | Noticed Robin
  1507 | D:2      | Noticed Jessica
  1527 | D:2      | Killed Robin
  1535 | D:2      | Killed Jessica
  1536 | D:2      | Reached XP level 5. HP: 32/51 MP: 4/4
  1715 | D:2      | Found a snail-covered altar of Cheibriados.
  1729 | D:2      | Found Xiuxteol's Antique Armour Boutique.
  1776 | D:2      | Found Opto's Distillery.
  1785 | D:2      | Bought a potion of curing for 30 gold pieces
  1785 | D:2      | Bought a potion of degeneration for 10 gold pieces
  1801 | D:2      | Found Ashrom's Magic Scroll Emporium.
  1810 | D:2      | Reached skill level 5 in Armour
  1929 | D:2      | Found Agruw's General Store.
  2293 | D:3      | Reached skill level 5 in Fighting
  2305 | D:3      | Found a faded altar of an unknown god.
  2355 | D:3      | Found a transporter.
  2363 | D:3      | Noticed a phantom
  2379 | D:3      | Killed a phantom
  2380 | D:3      | Reached skill level 4 in Long Blades
  2523 | D:3      | Found an opulent altar of Gozag.
  2764 | D:3      | Found a transporter.
  2822 | D:3      | Noticed glosham's ghost (amateur DjCA)
  2823 | D:3      | Identified the +7 halberd of the Forgotten Curses {pain,
                  | rElec rC+}
  2900 | D:2      | Bought a scroll of magic mapping for 49 gold pieces
  2945 | D:4      | Reached XP level 6. HP: 61/61 MP: 5/5
  2998 | D:4      | Reached skill level 5 in Long Blades
  2998 | D:4      | Reached skill level 1 in Dodging
  3220 | D:4      | Found a runed translucent gate.
  3220 | D:4      | Found a runed translucent gate.
  3220 | D:4      | Found a runed translucent gate.
  3221 | D:4      | Noticed H0rd4k's ghost (weakling HuAr)
  3222 | D:4      | Noticed a sky beast
  3253 | D:4      | Found a bloodstained altar of Trog.
  3876 | D:5      | Entered Level 5 of the Dungeon
  3891 | D:5      | Reached XP level 7. HP: 57/68 MP: 6/6
  3894 | D:5      | Reached skill level 6 in Long Blades
  4058 | D:5      | Noticed Menkaure
  4067 | D:5      | Killed Menkaure
  4351 | D:5      | Reached skill level 5 in Shields
  4642 | D:5      | Reached skill level 1 in Stealth
  4642 | D:5      | Reached XP level 8. HP: 54/78 MP: 7/7
  4745 | D:5      | Reached skill level 7 in Long Blades
  5507 | D:5      | Found Buosyam's Hydra Hut.
  5508 | D:5      | Noticed a four-headed hydra
  5823 | D:6      | Found a staircase to the Ecumenical Temple.
  5926 | D:6      | Found a sand-covered staircase.
  5930 | Ossuary  | Entered an ossuary
  6602 | D:6      | Reached skill level 8 in Long Blades
  6737 | D:6      | Reached XP level 9. HP: 88/88 MP: 8/8
  6855 | D:6      | Reached skill level 9 in Long Blades
  7373 | D:6      | Found a runed translucent door.
  7374 | D:6      | Noticed Crazy Yiuf
  7522 | D:6      | Killed Crazy Yiuf
  8175 | D:7      | Found a glowing golden altar of the Shining One.
  8181 | D:7      | Found a basalt altar of Yredelemnul.
  8183 | D:7      | Noticed a profane servitor
  8564 | D:7      | Found a stormy altar of Qazlal.
  8572 | D:7      | Found an ancient bone altar of Kikubaaqudgha.
  8634 | D:7      | Noticed an angel
  8679 | D:8      | Reached skill level 10 in Long Blades
  8703 | D:8      | Reached XP level 10. HP: 45/99 MP: 9/9
  9311 | D:8      | Found a hazy altar of Hepliaklqana.
  9548 | D:8      | Found a staircase to the Lair.
  9582 | D:7      | HP: 5/100 [warg (11)]
  9588 | D:7      | HP: 4/100 [warg (7)]
  9987 | D:8      | Reached skill level 11 in Long Blades
 10631 | Temple   | Entered the Ecumenical Temple
 10646 | Temple   | Became a worshipper of Warmaster Okawaru
 10928 | D:9      | Found a sacrificial altar of Ru.
 11081 | D:9      | Found a staircase to the Orcish Mines.
 11155 | D:9      | Reached skill level 1 in Evocations
 11720 | D:10     | Entered Level 10 of the Dungeon
 11756 | D:10     | Reached skill level 10 in Armour
 12322 | D:10     | Noticed an ice dragon
 12329 | D:10     | Found the +8 frozen axe "Frostbite" {freezing cloud, *Noise
                  | Fly rC+}
 12342 | D:10     | Found a portal to a secret trove of treasure.
 12347 | D:10     | Demolished by a guardian mummy

Illustrated notes

Levels and vault maps discovered:
D:1:      onia_arrival_mini_maze_b, layout_basic
D:2:      layout_loops_cross, serial_shops, nicolae_lakefront_shop,
          nicolae_square_shop, nicolae_diamond_shop, shop, basic_altar,
          minmay_increasing_density, uniq_robin, uniq_jessica
D:3:      layout_rooms, marbit_many_paths,
          shapermc_ecumenical_altar_starsandcircs, gammafunk_ghost_gnarly_gnolls
D:4:      cheibrodos_quashed, layout_cave_pods, bloody_trog,
          gammafunk_ghost_split
D:5:      layout_basic, serial_curves, eino_curves_03, eino_curves_03,
          doesnt_shop_hydraphobe, uniq_menkaure
D:6:      layout_basic, minmay_temple_entry_mini_moons,
          lightli_ossuary_entry_decrepit_ruins, uniq_crazy_yiuf_cottage
D:7:      layout_basic, grunt_temple_overflow_holy_war,
          mainiacjoe_overflow_big_doors, chequers_mini_garden,
          chequers_serial_rivers_small_b
D:8:      layout_layer_cave, mainiacjoe_overflow_paths,
          erik_lair_orcish_takeover, kennysheep_generic_room_7
D:9:      layout_basic, nicolae_ru_great_annihilating_truth, orc_0_dummy,
          columned_hall_lemuel, kennysheep_doodads
D:10:     minmay_coctagon, layout_basic, nicolae_trove_entry_path_of_doom,
          nicolae_two_hexagons
Temple:   jpeg_temple_clearing

Skill      XL: |  1  2  3  4  5  6  7  8  9 10 |
---------------+-------------------------------+-----
Fighting       | 4 5 6 7 8 9 |  9.3
Armour         | 4 5 6 7 8 10 | 10.5
Long Blades    | 3 4 5 6 8 10 11 | 11.2
Shields        | 4 5 7 |  7.5
Dodging        | 1 2 3 |  3.6
Stealth        | 1 2 |  2.1
Evocations     | 1 |  1.2

Action                   |  1- 3 |  4- 6 |  7- 9 | 10-12 || total
-------------------------+-------+-------+-------+-------++-------
Melee: Long sword        |    59 |   157 |   367 |    74 ||   657
       Headbutt          |    15 |    20 |    86 |    40 ||   161
       Falchion          |       |       |       |    88 ||    88
Evoke: Wand              |       |       |       |     2 ||     2
  Use: Potion            |     3 |       |       |     3 ||     6
       Scroll            |     1 |       |    11 |    12 ||    24
 Stab: Paralysed         |       |       |       |     1 ||     1
Armor: Scale mail        |    19 |       |       |       ||    19
       Chain mail        |    10 |   103 |   149 |       ||   262
       Plate armour      |       |       |    19 |   120 ||   139
Dodge: Dodged            |    42 |    58 |   131 |    71 ||   302
Block: Buckler           |    15 |    33 |    80 |    68 ||   196
